 Dungeon Crawl Stone Soup version 0.28-a0-1199-gef9e1dbd39 (webtiles) character file.

Game seed: 6839745504383968673

397 ChaosChampion the Insei (level 6, -1/47 HPs)
             Began as a Draconian Transmuter on Dec 19, 2021.
             Killed by nerve-wracking pain
             ... invoked by Menkaure
              (5 damage)
             ... on level 4 of the Dungeon.
             The game lasted 00:04:16 (3346 turns).

ChaosChampion the Insei (Draconian Transmuter)      Turns: 3346, Time: 00:04:17

Health: -1/47      AC:  6    Str: 12    XL:     6   Next: 53%
Magic:  6/9        EV: 12    Int: 15    God:
Gold:   135        SH:  0    Dex: 12    Spells: 6/9 levels left

rFire   . . .      SeeInvis .     - Unarmed
rCold   . . .      Faith    .   (no shield)
rNeg    . . .      Spirit   .   (armour unavailable)
rPois   .          Reflect  .   (helmet restricted)
rElec   .          Harm     .   (no cloak)
rCorr   .          Rampage  .   (no gloves)
Will    .....                   (no boots)
Stlth   +.........              (no amulet)
HPRegen 0.15/turn               (no ring)
MPRegen 0.11/turn               (no ring)

@: wereblooded (expiring)
A: AC +6, unfitting armour, cold-blooded
a: no special abilities


You were on level 4 of the Dungeon.
You visited 1 branch of the dungeon, and saw 6 of its levels.

You collected 135 gold pieces.

Inventory:

Scrolls
 d - 5 scrolls of identify {unknown}
 f - a scroll of blinking {unknown}
 g - a scroll of silence {unknown}
 h - a scroll of teleportation {unknown}
Potions
 a - a potion of lignification {unknown}
 b - 2 potions of flight {unknown}
 c - a potion of curing {unknown}
 e - a potion of magic {unknown}


   Skills:
 - Level 1.1 Fighting
 - Level 1.7 Dodging
 * Level 6.3 Unarmed Combat
 - Level 2.0 Spellcasting
 + Level 4.2 Transmutations


You had 6 spell levels left.
You knew the following spells:

 Your Spells              Type           Power      Damage    Failure   Level
a - Beastly Appendage     Tmut           28%        N/A       3%          1
b - Wereblood             Tmut           14%        N/A       6%          2

Your spell library contained the following spells:

 Spells                   Type           Power      Damage    Failure   Level
 Spider Form              Tmut/Pois      7%         N/A       28%         3
 Ice Form                 Ice/Tmut       7%         N/A       67%         4


Dungeon Overview and Level Annotations

Branches:
Dungeon (6/15)
 Temple: D:4-7

Altars:

Annotations:
D:4 Menkaure


Innate Abilities, Weirdness & Mutations

Your plain brown scales are hard. (AC +6)
You cannot fit into any form of body armour.
You are cold-blooded and may be slowed by cold attacks.


Message History

The hound is almost dead.
The hound bites you but does no damage.
You hit the hound but do no damage.
The hound is almost dead.
The hound closely misses you. The hound bites you but does no damage.
You hit the hound.
You feel a bit better.
You kill the hound!
Menkaure points at you and mumbles some strange words.
Pain shoots through your body! Menkaure hits you!
You see here a hound corpse.
You punch Menkaure!
Menkaure is moderately damaged.
Menkaure calls on the powers of darkness!
Your body is wracked with pain!
You are too injured to fight recklessly!
You are too injured to fight recklessly!
You are too injured to fight recklessly!
You hit Menkaure.
Your tail-slap misses Menkaure.
Menkaure is moderately damaged.
Menkaure completely misses you.
Menkaure screams, "Why can't you leave me to my rest?"
You howl as the wereblood boils in your veins!
Menkaure calls on the powers of darkness!
Your body is wracked with pain!
* * * LOW HITPOINT WARNING * * *
Your transformation is almost over.
You howl as the wereblood boils in your veins!
Menkaure casts a spell at you. Pain shoots through your body!
* * * LOW HITPOINT WARNING * * *
Menkaure calls on the powers of darkness!
You feel a surge of unholy energy.
A necrophage comes into view.
The necrophage moves out of view.
Your horns disappear.
Your talons disappear.
Your primal bloodlust is almost over.
Menkaure points at you and mumbles some strange words.
Pain shoots through your body!
You die...

#.... #.....# ##...#...#
#....##>....###..###.###
##.# ....................#
#..# ..........#..###.....#
#..# ##..#
#........###.#####
#..####...# ##.#.........#
#..##...#.# #M##..#....###
#..##...#.## #..#.........#
##..##......# ##@..#.....###
..>..#....#.# ##.........#
.....#...##.###..##........#
...........................#
.....#...##.###......##...##
#...#######.# #.)##...#...#
.....## #.# #..##.#..#...
......#####.# #.## .....
..........#.# ..# #


You could see Menkaure (fast).

Vanquished Creatures
  A centaur (D:6)
  A scorpion (D:6)
  A howler monkey (D:2)
  3 hounds
  Natasha (twice) (D:2)
  2 adders (D:2)
  2 dart slugs
  5 orcs (D:6)
  5 endoplasms
  A giant cockroach (D:2)
  5 goblins
  2 hobgoblins (D:1)
  A quokka (D:1)
  7 ball pythons
  5 bats
  3 frilled lizards (D:1)
  7 kobolds
  A quokka skeleton (D:4)
  7 rats
61 creatures vanquished.

Notes
Turn   | Place    | Note
-------+----------+-------------------------------------------
     0 | D:1      | ChaosChampion the Draconian Transmuter began the quest for
                  | the Orb.
     0 | D:1      | Reached XP level 1. HP: 16/16 MP: 3/3
   182 | D:1      | Reached XP level 2. HP: 21/23 MP: 3/5
   547 | D:1      | Learned a level 2 spell: Wereblood
   620 | D:1      | Found a faded altar of an unknown god.
  1372 | D:2      | Reached XP level 3. HP: 28/28 MP: 4/6
  1519 | D:2      | Reached skill level 4 in Unarmed Combat
  1959 | D:2      | Reached XP level 4. HP: 33/35 MP: 3/7
  1963 | D:2      | Reached skill level 5 in Unarmed Combat
  1975 | D:2      | Noticed Natasha
  1989 | D:2      | Killed Natasha
  1990 | D:2      | Reached XP level 5. HP: 40/40 MP: 3/8
  2169 | D:2      | Noticed Natasha
  2188 | D:2      | Killed Natasha
  2388 | D:3      | You fall into a shaft and drop 3 floors!
  2388 | D:6      | Noticed a centaur
  2401 | D:6      | Killed a centaur
  2455 | D:6      | Reached XP level 6. HP: 18/47 MP: 7/9
  2812 | D:5      | Entered Level 5 of the Dungeon
  2832 | D:6      | Reached skill level 6 in Unarmed Combat
  2895 | D:6      | Identified the +1 leather armour of Grand Tender Moments
                  | {-Cast Harm rElec rF+}
  3313 | D:4      | Noticed Menkaure
  3346 | D:4      | Killed from afar by Menkaure

Illustrated notes

Levels and vault maps discovered:
D:1:      shiori_arrival_elements, layout_basic,
          hellmonk_ecumenical_altar_inner_sanctum
D:2:      layout_basic, minmay_divided_ellipse, uniq_natasha
D:3:      layout_rooms, corexii_shack
D:4:      layout_rooms, kennysheep_potato, uniq_menkaure
D:5:      layout_gridville, serial_shops,
          nicolae_shop_competitors_out_of_business, grunt_decor_mini_mirrors,
          goddamned_bats, uniq_eustachio
D:6:      layout_loops_ring, nicolae_overflow_hallway_of_the_gods,
          kennysheep_generic_room_11, uniq_blork_the_orc, uniq_grinder

Skill      XL: |  1  2  3  4  5  6 |
---------------+-------------------+-----
Unarmed Combat | 4 5 6 |  6.3
Transmutations | 3 4 |  4.2
Fighting       | |  1.1
Dodging        | |  1.7
Spellcasting   | |  2.0

Action                   |  1- 3 |  4- 6 || total
-------------------------+-------+-------++-------
Melee: Unarmed           |   109 |    66 ||   175
       Kick              |    14 |    12 ||    26
       Tailslap          |     6 |     6 ||    12
       Headbutt          |     5 |    12 ||    17
       Punch             |     2 |       ||     2
 Cast: Beastly Appendage |    21 |    15 ||    36
       Wereblood         |     2 |    10 ||    12
Evoke: Wand              |       |     4 ||     4
 Stab: Sleeping          |     2 |       ||     2
Armor: Skin              |    37 |    35 ||    72
Dodge: Dodged            |    79 |    52 ||   131

Table legend: (Time is in decaauts)
 A = Elapsed time spent in this place.
 B = Non-inter-level travel time spent in this place.
 C = Inter-level travel time spent in this place.
 D = Time resting spent in this place.
 E = Time spent auto-exploring this place.
 F = Levels seen in this place.
 G = Mean time per level.
                   A        B        C        D        E       F      G
               +--------+--------+--------+--------+--------+-----+--------+
         Total |   3335 |   3284 |     51 |    436 |   2309 |   6 |  555.8 |
       Dungeon |   3335 |   3284 |     51 |    436 |   2309 |   6 |  555.8 |
               +--------+--------+--------+--------+--------+-----+--------+

Top non-repeatable levels by time:
     D:2: 1199 daAuts
     D:1: 1156 daAuts
     D:6: 721 daAuts
     D:4: 205 daAuts
     D:5: 27 daAuts
     D:3: 25 daAuts
